AoeStats
← Promiskuitiv

Black Forest

503485150Analyzed
4v4 RM · 1mo ago on Aug 31, 2026· 86m 41s· 8 players
Game mode
Random Map
Map size
Large (8 player)
Population
200
Speed
Normal
Resources
Standard
Victory
Conquest
Starting age
Dark Age
Ending age
Imperial Age
RankedLock teamsTeams togetherTeam positionsShared explorationLock speedFull tech treeHidden civsTurbo modeCheats
Victory
Defeat
🇨🇦 Georgians · Canada
1657
+15
🇩🇪 Maya · Germany
1646
+16
🇩🇪 Bulgarians · Germany
1634
+16
🇨🇦 Bohemians · Canada
1602
+18
🇨🇿 Chinese · Czechia
1670
-18
🇨🇿 Japanese · Czechia
1647
-17
🇨🇿 Huns · Czechia
1625
-16
🇨🇿 Magyars · Czechia
1620
-15
Joker
10:36 Feudal Age
14:43 Castle Age
14:02 Double-Bit Axe
16:35 Horse Collar
18:11 Loom
27:48 Wheelbarrow
27:19 Gold Mining
30:13 Imperial Age
28:23 Fishing Lines
28:49 Heavy Plow
31:08 Scale Barding Armor
31:13 Forging
31:59 Gold Shaft Mining
31:15 Stone Mining
31:51 Hand Cart
30:59 Cavalier
31:50 Bloodlines
32:02 Chain Barding Armor
31:43 Husbandry
33:24 Iron Casting
33:29 Plate Barding Armor
35:06 Heavy Scorpion
36:12 Bow Saw
38:36 Ballistics
40:16 Scale Mail Armor
40:25 Fletching
40:28 Pikeman
41:09 Squires
41:25 Chain Mail Armor
41:11 Halberdier
42:27 Bodkin Arrow
42:24 Gambesons
43:26 Town Watch
43:57 Stirrups
44:05 Bagains
46:37 Plate Mail Armor
Promiskuitiv
0:25 Loom
14:17 Feudal Age
14:45 Double-Bit Axe
17:54 Wheelbarrow
17:09 Fishing Lines
22:04 Town Watch
24:32 Castle Age
22:48 Gold Mining
22:48 Stone Mining
23:02 Fletching
24:02 Padded Archer Armor
23:56 Town Watch
23:56 Horse Collar
25:17 Heavy Plow
25:30 Bow Saw
25:14 Gillnets
26:06 Hand Cart
27:26 Bodkin Arrow
28:07 Leather Archer Armor
28:41 Stone Shaft Mining
32:59 Imperial Age
33:07 Ballistics
32:31 Treadmill Crane
33:14 Ballistics
32:51 Murder Holes
33:19 Elite Plumed Archer
34:23 Bracer
35:06 Ring Archer Armor
36:05 Chemistry
36:13 Caravan
38:52 Masonry
40:31 Hoardings
40:17 Conscription
40:01 Hul'che Javelineers
40:49 Guilds
41:12 Crop Rotation
41:53 Two-Man Saw
41:05 Thumb Ring
43:05 Town Patrol
44:11 Devotion
44:08 Elite Skirmisher
44:51 Squires
44:11 Pikeman
44:52 Scale Mail Armor
45:02 Forging
48:21 Coinage
48:12 Chain Mail Armor
48:33 Iron Casting
47:19 Halberdier
47:45 Arson
47:32 Capped Ram
49:31 Banking
49:34 Plate Mail Armor
48:41 Siege Ram
51:18 Plate Mail Armor
51:48 Blast Furnace
52:12 Architecture
52:20 Banking
53:05 Sappers
57:38 Faith
57:38 Heresy
67:42 Guard Tower
68:04 Fortified Wall
71:48 Holcans
71:04 Eagle Warrior
72:49 Keep
72:15 Elite Eagle Warrior
weniaasdf
8:43 Loom
11:48 Feudal Age
15:56 Castle Age
13:59 Double-Bit Axe
18:12 Scale Barding Armor
19:20 Horse Collar
25:13 Bloodlines
28:47 Chain Barding Armor
30:38 Forging
30:47 Bow Saw
33:43 Imperial Age
32:24 Iron Casting
31:51 Husbandry
33:55 Cavalier
35:16 Plate Barding Armor
36:39 Wheelbarrow
37:52 Scale Mail Armor
39:11 Blast Furnace
38:53 Conscription
42:32 Capped Ram
43:40 Siege Ram
48:29 Gold Mining
50:59 Light Cavalry
52:57 Hand Cart
65:46 Hussar
74:19 Onager
80:42 Caravan
81:25 Heavy Plow
84:56 Aznauri Cavalry
Flux
1:26 Loom
13:33 Feudal Age
19:58 Castle Age
18:10 Double-Bit Axe
22:19 Bow Saw
27:29 Fishing Lines
30:30 Gillnets
32:05 Wheelbarrow
35:32 Imperial Age
35:11 Chemistry
33:54 Treadmill Crane
34:24 Masonry
35:01 Fletching
35:13 Pikeman
35:53 Squires
36:32 Hand Cart
36:44 Halberdier
42:16 Fervor
42:29 Sanctity
43:05 Padded Archer Armor
43:56 Leather Archer Armor
44:07 Ballistics
43:50 Bodkin Arrow
47:34 Caravan
49:22 Wagenburg Tactics
51:01 Bracer
52:21 Conscription
52:44 Town Watch
60:36 Scale Mail Armor
60:48 Forging
61:25 Chain Mail Armor
62:41 Plate Mail Armor
63:32 Iron Casting
64:45 Horse Collar
68:26 Heavy Plow
71:20 Ring Archer Armor
72:14 Guilds
72:18 Houfnice
75:19 Arson
ZirkoN
4:02 Loom
11:23 Feudal Age
16:17 Castle Age
14:23 Double-Bit Axe
14:41 Horse Collar
21:34 Wheelbarrow
22:09 Bow Saw
22:52 Gold Mining
24:18 Heavy Plow
24:37 Hand Cart
25:41 Scale Mail Armor
25:51 Forging
28:58 Imperial Age
26:22 Stone Mining
27:10 Scale Mail Armor
27:20 Forging
28:05 Gold Shaft Mining
28:37 Chain Mail Armor
27:53 Pikeman
28:33 Squires
29:24 Iron Casting
28:25 Man-at-Arms
28:50 Gambesons
28:50 Arson
29:17 Halberdier
29:18 Long Swordsman
30:48 Plate Mail Armor
30:28 Two-Handed Swordsman
32:19 Blast Furnace
31:26 Champion
32:04 Capped Ram
35:19 Fletching
36:07 Bodkin Arrow
36:25 Masonry
36:35 Fortified Wall
39:37 Elite Samurai
40:38 Conscription
41:26 Chemistry
40:47 Ballistics
40:46 Bracer
46:19 Onager
47:08 Guard Tower
47:14 Murder Holes
49:57 Keep
50:19 Yasama
50:47 Siege Engineers
66:27 Fishing Lines
71:08 Two-Man Saw
76:03 Caravan
79:06 Elite Skirmisher
79:52 Thumb Ring
80:30 Padded Archer Armor
80:37 Town Watch
82:17 Leather Archer Armor
83:12 Thumb Ring
Noxx
0:26 Loom
14:30 Feudal Age
15:12 Double-Bit Axe
16:26 Horse Collar
22:44 Castle Age
26:43 Fletching
27:15 Bow Saw
27:25 Bodkin Arrow
28:06 Padded Archer Armor
28:24 Gold Mining
29:45 Leather Archer Armor
36:08 Imperial Age
34:30 Fortified Wall
35:56 Wheelbarrow
37:01 Bracer
39:46 Chemistry
66:02 Elite Skirmisher
74:30 Caravan
82:25 Scale Mail Armor
82:38 Forging
83:27 Chain Mail Armor
84:24 Two-Man Saw
82:59 Pikeman
Čiko
10:39 Feudal Age
14:11 Castle Age
12:33 Double-Bit Axe
12:55 Horse Collar
15:25 Bow Saw
18:36 Fishing Lines
25:34 Loom
25:29 Pikeman
25:54 Arson
27:13 Scale Mail Armor
30:34 Demolition Ship
32:10 Gillnets
34:18 Wheelbarrow
41:28 Imperial Age
39:14 Hand Cart
39:29 Chain Mail Armor
41:32 Halberdier
42:02 Capped Ram
50:04 Onager
66:50 Siege Engineers
73:34 Chemistry
alesh
0:44 Loom
11:34 Feudal Age
13:26 Double-Bit Axe
15:42 Castle Age
14:27 Horse Collar
21:55 Town Watch
27:41 Gold Mining
29:47 Wheelbarrow
32:48 Imperial Age
30:30 Scale Barding Armor
31:13 Gold Shaft Mining
32:05 Chain Barding Armor
31:57 Bloodlines
31:47 Husbandry
33:05 Cavalier
34:22 Plate Barding Armor
34:45 Heavy Plow
35:03 Hand Cart
36:14 Forging
36:57 Town Patrol
36:23 Capped Ram
38:13 Fletching
38:24 Padded Archer Armor
37:56 Siege Ram
40:51 Paladin
43:23 Iron Casting
43:46 Bodkin Arrow
44:44 Bracer
44:58 Heavy Cavalry Archer
46:01 Ballistics
46:16 Thumb Ring
46:37 Parthian Tactics
46:28 Leather Archer Armor
48:02 Chemistry
47:56 Light Cavalry
48:53 Hussar
49:50 Masonry
50:43 Blast Furnace
51:03 Bow Saw
51:29 Conscription
52:00 Conscription
52:05 Atheism
73:50 Caravan
77:03 Two-Man Saw
Connection lost

Rejoining the realm…

Still unreachable

The connection could not be restored.

Session expired

The server has moved on; the page needs a fresh start.